 Dungeon Crawl Stone Soup version 0.25-a0-464-g3004169c2b (webtiles) character file.

Game seed: 15241763362272134495, levelgen mode: deterministic

1933 Kohma the Slicer (level 8, -11/78 HPs)
             Began as a Vampire Enchanter on Feb 4, 2020.
             Was a Follower of Ashenzari.
             Mangled by Harold
             ... wielding a +0 battleaxe
              (21 damage)
             ... on level 7 of the Dungeon.
             The game lasted 00:24:40 (6796 turns).

Kohma the Slicer (Vampire Enchanter)                Turns: 6796, Time: 00:24:41

Health: -11/78     AC: 11    Str: 12    XL:     8   Next: 97%
Magic:  9/23       EV:  8    Int: 20    God:    Ashenzari [*.....]
Gold:   282        SH:  0    Dex: 14    Spells: 10/15 levels left

rFire    . . .     SeeInvis +   i - +1 dagger (freeze)
rCold    . . .     Gourm    .   (no shield)
rNeg     + . .     Faith    .   r - +3 leather armour {rN+}
rPois    .         Spirit   .   o - +0 helmet
rElec    .         Reflect  .   m - +2 cloak (curse)
rCorr    .         Harm     .   d - +0 pair of gloves
MR       +....                  (no boots)
Stlth    ..........             (no amulet)
HPRegen  0.43/turn              y - ring of protection from magic
MPRegen  0.18/turn              t - ring of magical power

@: berserking, confusing touch, very slightly contaminated, held, regenerating
quickly, very quick
A: no food, fangs 3, see invisible, unbreathing
a: Exsanguinate, Curse Item, Scrying, Renounce Religion


You were on level 7 of the Dungeon.
You worshipped Ashenzari.
Ashenzari was aware of your devotion.
You were alive.

You visited 2 branches of the dungeon, and saw 8 of its levels.

You collected 338 gold pieces.
You spent 56 gold pieces at shops.

Inventory:

Hand Weapons
 i - a +1 dagger of freezing (weapon)
 j - a +0 rapier
 u - a +1 vampiric trident
Missiles
 e - 27 poisoned darts (quivered)
Armour
 d - a +0 pair of gloves (worn)
 m - a cursed +2 cloak (worn)
 o - a +0 helmet (worn)
 r - a +3 leather armour of positive energy (worn)
Jewellery
 t - a ring of magical power (right hand)
 x - an uncursed ring of wizardry
 y - a ring of protection from magic (left hand)
Wands
 p - a wand of polymorph (6)
Scrolls
 c - a scroll of enchant weapon
 k - 3 scrolls of remove curse
 q - 2 scrolls of teleportation
 z - a scroll of amnesia
Potions
 b - a potion of lignification
 g - a potion of haste
 h - 2 potions of brilliance
 l - a potion of agility
 n - 2 potions of curing
 s - 2 potions of flight
 v - a potion of might {unknown}
 w - a potion of heal wounds {unknown}


   Skills:
 * Level 9.0 Short Blades
 + Level 6.1 Dodging
 - Level 5.0 Stealth
 - Level 4.1 Spellcasting
 - Level 6.5 Hexes
 - Level 3.0 Ice Magic


You had 10 spell levels left.
You knew the following spells:

 Your Spells              Type           Power        Failure   Level  Hunger
b - Ensorcelled Hibernat  Hex/Ice        ###...       3%          2    N/A
c - Confusing Touch       Hex            ####....     3%          3    N/A

Your spell library contained the following spells:

 Spells                   Type           Power        Failure   Level  Hunger
 Corona                   Hex            ####...      1%          1    N/A
 Tukima's Dance           Hex            ####....     3%          3    N/A
 Dazzling Flash           Conj/Hex       ###...       13%         3    N/A

Dungeon Overview and Level Annotations

Branches:
Dungeon (7/15)             Temple (1/1) D:4

Altars:
Ashenzari
Cheibriados
Dithmenos
Elyvilon
Fedhas
Gozag
Hepliaklqana
Kikubaaqudgha
Makhleb
Nemelex Xobeh
Okawaru
Qazlal
Ru
Sif Muna
Trog
Uskayaw
Vehumet
Wu Jian
Xom
Yredelemnul
Zin
The Shining One

Shops:
D:5 !=}*=

Annotations:
D:7 Harold


Innate Abilities, Weirdness & Mutations

You do not eat.
Your natural rate of healing is unusually fast.
You have razor-sharp teeth.
You have supernaturally acute eyesight. (SInv)
You can survive without breathing.


Message History

Casting: Ensorcelled Hibernation (safe; 4% risk of failure)
Confirm with . or Enter, or press ? or * to list all spells.
Aiming: Ensorcelled Hibernation (safe; 4% risk of failure)
Press: ? - help, Shift-Dir - straight line, f/p - Harold
Aim: Harold, wielding a +0 battleaxe, wearing a +0 scale mail and quivering a throwing net (chance to defeat MR: 20%) Harold resists with almost no effort.
Harold hits you with a +0 battleaxe.
Casting: Ensorcelled Hibernation (safe; 4% risk of failure)
Confirm with . or Enter, or press ? or * to list all spells.
Aiming: Ensorcelled Hibernation (safe; 4% risk of failure)
Press: ? - help, Shift-Dir - straight line, f/p - Harold
Aim: Harold, wielding a +0 battleaxe, wearing a +0 scale mail and quivering a throwing net (chance to defeat MR: 20%) Harold resists with almost no effort.
Harold hits you with a +0 battleaxe!
* * * LOW HITPOINT WARNING * * *
Casting: Ensorcelled Hibernation (safe; 4% risk of failure)
Confirm with . or Enter, or press ? or * to list all spells.
Your hands begin to glow red.
A red film seems to cover your vision as you go berserk!
You feel yourself moving faster!
You feel mighty! Harold hits you with a +0 battleaxe!!
You die...

####.## #
#####.....#.#
....#.....#.#
......[....#
#.........
#.......#
#...@..#
#...@..#
#..<...#
##.....#
#.<...#
#######


You could see Harold.

Vanquished Creatures
  Sigmund (D:2)
  Eustachio (D:4)
  Edmund (D:4)
  An ice beast (D:3)
  4 ogres
  A gnoll sergeant (D:6)
  2 bullfrogs (D:6)
  A scorpion (D:5)
  2 howler monkeys
  A centaur zombie (D:6)
  A hound (D:3)
  Crazy Yiuf (D:2)
  4 orc priests (D:4)
  2 orc wizards (D:3)
  2 bullfrog skeletons
  An iguana (D:6)
  Ijyb (D:5)
  4 worker ants
  Robin (D:2)
  A howler monkey zombie (D:5)
  5 gnolls (D:6)
  9 adders
  A shadow imp (D:5)
  An ooze (D:2)
  An adder zombie (D:5)
  An adder skeleton (D:4)
  3 worms (D:3)
  3 dart slugs
  7 leopard geckos
  14 orcs
  A ball python (D:1)
  6 bats
  A giant cockroach (D:1)
  9 goblins
  9 hobgoblins
  15 jackals
  2 quokkas
  5 kobolds
  A leopard gecko zombie (D:6)
  3 rats (D:1)
130 creatures vanquished.

Notes
Turn   | Place    | Note
-------+----------+-------------------------------------------
     0 | D:1      | Kohma the Vampire Enchanter began the quest for the Orb.
     0 | D:1      | Reached XP level 1. HP: 13/13 MP: 3/3
    90 | D:1      | Found a shattered altar of Ashenzari.
   109 | D:1      | Reached XP level 2. HP: 19/19 MP: 5/5
   171 | D:1      | Became a worshipper of Ashenzari the Shackled
   187 | D:1      | Learned a level 2 spell: Ensorcelled Hibernation
   337 | D:1      | Reached skill level 5 in Stealth
   682 | D:1      | Reached skill level 5 in Hexes
   745 | D:1      | Reached skill level 2 in Short Blades
   872 | D:1      | Reached XP level 3. HP: 17/24 MP: 6/6
  1318 | D:2      | Reached skill level 1 in Ice Magic
  1427 | D:2      | Found a runed translucent door.
  1428 | D:2      | Noticed Crazy Yiuf
  1435 | D:2      | Killed Crazy Yiuf
  1435 | D:2      | Reached XP level 4. HP: 7/30 MP: 0/7
  1558 | D:2      | Noticed Robin
  1567 | D:2      | Killed Robin
  1592 | D:2      | Learned a level 3 spell: Confusing Touch
  1668 | D:2      | Found a glowing silver altar of Zin.
  1824 | D:2      | Noticed Sigmund
  1833 | D:2      | Killed Sigmund
  1833 | D:2      | Reached skill level 3 in Short Blades
  1833 | D:2      | Reached XP level 5. HP: 30/35 MP: 4/8
  2128 | D:3      | Reached XP level 6. HP: 41/41 MP: 6/9
  2247 | D:3      | Reached * piety under Ashenzari
  2600 | D:3      | Reached skill level 4 in Short Blades
  2837 | D:3      | Found a faded altar of an unknown god.
  3000 | D:3      | Found a shimmering blue altar of Sif Muna.
  3115 | D:3      | Noticed an ice beast
  3122 | D:3      | Killed an ice beast
  3474 | D:3      | Reached XP level 7. HP: 46/46 MP: 11/11
  4083 | D:4      | Reached skill level 5 in Short Blades
  4107 | D:4      | HP: 2/46 [orc priest/divine providence (13)]
  4528 | D:4      | Noticed Eustachio
  4546 | D:4      | Reached skill level 6 in Short Blades
  4548 | D:4      | Killed Eustachio
  4548 | D:4      | Reached XP level 8. HP: 35/52 MP: 14/14
  4806 | D:4      | Noticed Edmund
  4813 | D:4      | Killed Edmund
  4813 | D:4      | Reached skill level 7 in Short Blades
  4816 | D:4      | Found a staircase to the Ecumenical Temple.
  4820 | Temple   | Entered the Ecumenical Temple
  4937 | D:5      | Entered Level 5 of the Dungeon
  5035 | D:5      | Found Ynlapn's Jewellery Shoppe.
  5036 | D:5      | Noticed Ijyb
  5045 | D:5      | Killed Ijyb
  5045 | D:5      | Reached skill level 5 in Dodging
  5224 | D:5      | Found Fuol's General Store.
  5227 | D:5      | Bought a scroll of identify for 28 gold pieces
  5227 | D:5      | Bought a scroll of identify for 28 gold pieces
  5298 | D:5      | Found Tiosuang's Distillery.
  5443 | D:5      | Reached skill level 8 in Short Blades
  5474 | D:5      | Found Baphenn's Jewellery Shoppe.
  5549 | D:5      | Found Usamakk's Gadget Emporium.
  6501 | D:6      | Found an opulent altar of Gozag.
  6550 | D:6      | Found a blossoming altar of Fedhas.
  6559 | D:6      | Reached skill level 9 in Short Blades
  6787 | D:7      | Noticed Harold
  6796 | D:7      | Mangled by Harold

Levels and vault maps discovered:
D:1:      minmay_arrival_up_and_down, layout_basic, nicolae_ashenzari_panopticon
D:2:      layout_loops_ring, lemuel_altar_in_water, uniq_sigmund, uniq_robin,
          uniq_crazy_yiuf_cottage
D:3:      minmay_chambers_of_twos, layout_loops_corners,
          chequers_ecumenical_altar_simple, minmay_statues_item,
          lemuel_statue_altar
D:4:      layout_cave_pools, temple_hall_moat, uniq_edmund, uniq_eustachio
D:5:      layout_basic, first_ration, serial_shops, kennysheep_mini,
          kennysheep_little_box, shop, shop_fountains,
          nicolae_shop_window_shopping, serial_rivers,
          chequers_serial_rivers_micro_b, chequers_serial_rivers_small_3,
          chequers_serial_rivers_micro_b, chequers_serial_rivers_small_a,
          chequers_serial_rivers_micro_c, uniq_ijyb
D:6:      layout_rooms, eino_tiny_chamber, hangedman_feature_mirror,
          minmay_misc_feat_ornament
D:7:      layout_rooms, lemuel_crystal_altar, serial_shops,
          nicolae_shop_crystal, the_bakery, uniq_harold
Temple:   compressed_dpeg_circular_temple

Skill      XL: |  1  2  3  4  5  6  7  8 |
---------------+-------------------------+-----
Stealth        | 5 |  5.0
Hexes          | 5 6 |  6.5
Short Blades   | 2 3 4 6 9 |  9.0
Ice Magic      | 1 2 3 |  3.0
Spellcasting   | 3 4 |  4.1
Dodging        | 3 4 6 |  6.1

Action                   |  1- 3 |  4- 6 |  7- 9 || total
-------------------------+-------+-------+-------++-------
Melee: Dagger            |    73 |   120 |   173 ||   366
       Bite              |     5 |     2 |     8 ||    15
Throw: Dart              |    31 |       |       ||    31
 Cast: Ensorcelled Hiber |     1 |    36 |    56 ||    93
       Corona            |       |     2 |       ||     2
       Confusing Touch   |       |     1 |    10 ||    11
Invok: Curse Item        |       |       |     1 ||     1
  Use: Scroll            |       |       |    17 ||    17
       Potion            |       |       |     1 ||     1
 Stab: Sleeping          |     3 |    36 |    41 ||    80
       Confused          |       |     1 |    11 ||    12
       Distracted        |       |       |     1 ||     1
Armor: Robe              |     8 |       |       ||     8
       Leather armour    |    10 |    30 |    43 ||    83
Dodge: Dodged            |    52 |    51 |    83 ||   186

Table legend:
 A = Non-vault XP
 B = Vault XP
 C = Vault XP percentage of total XP
 D = Non-vault monster count
 E = Vault monster count
 F = Vault count percentage of total count
                 A         B        C        D         E       F
            +---------+---------+-------+---------+---------+-------
      Total |    1943 |     819 |  29.7 |     107 |      23 |  17.7
            +---------+---------+-------+---------+---------+-------
        D:1 |      43 |       0 |   0.0 |      21 |       0 |   0.0
        D:2 |      36 |     293 |  89.1 |       5 |      10 |  66.7
        D:3 |     332 |      63 |  15.9 |      33 |       8 |  19.5
        D:4 |     610 |     376 |  38.1 |      17 |       2 |  10.5
        D:5 |     410 |      35 |   7.9 |      13 |       1 |   7.1
        D:6 |     512 |      52 |   9.2 |      18 |       2 |  10.0
            +---------+---------+-------+---------+---------+-------
